 Dungeon Crawl Stone Soup version 0.31-a0-692-gf03d1854d5 (webtiles) character file.

Game seed: 12194298687189175759

96 qw the Shooter (level 4, -1/28 HPs)
             Began as a Gargoyle Hunter on Sept 6, 2023.
             Killed by divine providence
             ... invoked by an orc priest
              (12 damage)
             ... on level 3 of the Dungeon.
             The game lasted 00:00:45 (2170 turns).

qw the Shooter (Gargoyle Hunter)                    Turns: 2170, Time: 00:00:46

Health: -1/28      AC: 10    Str: 19    XL:     4   Next: 67%
Magic:  4/4        EV: 11    Int:  8    God:
Gold:   129        SH:  0    Dex: 14    Spells: 3/3 levels left

rFire   . . .        Y - +0 shortbow
rCold   + . .        (shield currently unavailable)
rNeg    + . .        b - +2 ring mail {rC+}
rPois   inf          (no helmet)
rElec   +            (no cloak)
rCorr   .            (no gloves)
SInv    .            (no boots)
Will    .....        (no amulet)
Stlth   +            (no ring)
HPRegen 0.24/turn    (no ring)
MPRegen 0.09/turn

%: no passive effects
@: no status effects
A: sickness immunity, AC +3, negative energy resistance 1, electricity
resistance, torment resistance 1, petrification resistance, strong 1, wild magic
1, MP-powered wands
a: no special abilities


You were on level 3 of the Dungeon.
You visited 1 branch of the dungeon, and saw 3 of its levels.

You collected 129 gold pieces.


Innate Abilities, Weirdness & Mutations

You are immune to sickness and miasma.
Your stone body is resilient. (AC +3)
You are immune to poison.
You resist negative energy. (rN+)
You are resistant to electric shocks. (rElec)
You are resistant to unholy torment.
You are immune to petrification.
Your muscles are strong. (Str +4, Int/Dex -1)
Your spells are a little harder to cast, but a little more powerful.
You expend magic power (3 MP) to strengthen your wands.


   Skills:
 - Level 3.0 Fighting
 + Level 5.4 Ranged Weapons
 - Level 1.0 Armour
 - Level 1.5 Dodging
 - Level 1.1 Stealth


You had 3 spell levels left.
You didn't know any spells.
Your spell library was empty.

Inventory:

Hand Weapons
 Y - a +0 shortbow (weapon)
Armour
 b - a +2 ring mail of cold resistance (worn)
Scrolls
 c - a scroll of amnesia {unknown}
 e - a scroll of torment {unknown}
 i - a scroll of teleportation
Potions
 a - a potion of heal wounds {unknown}
 d - a potion of haste {unknown}
 h - a potion of curing {unknown}
 j - a potion of mutation

Dungeon Overview and Level Annotations

Branches:
Dungeon (3/15)

Altars:

Annotations:
D:2 1 runed translucent door, Crazy Yiuf


Message History

The arrow hits the hobgoblin but does no damage.
The hobgoblin is heavily wounded.
The hobgoblin closely misses you.
The orc priest calls down the wrath of Beogh upon you.
Beogh smites you!
You shoot an arrow. The arrow hits the hobgoblin.
You kill the hobgoblin!
You shoot an arrow.
The arrow hits the orc but does no damage.
The orc priest casts a cantrip, but nothing happens.
The orc closely misses you.
You shoot an arrow. The arrow hits the orc!
You kill the orc!
The orc priest calls upon Beogh to heal the orc.
The orc's wounds heal themselves!
You shoot an arrow. The arrow hits the orc.
The orc is heavily wounded.
The orc hits you but does no damage. The orc hits you with a +0 short sword.
You shoot an arrow. The arrow hits the orc.
You kill the orc!
You shoot an arrow. The arrow closely misses the orc.
The arrow hits the orc.
The orc is moderately wounded.
The orc hits you but does no damage.
You shoot an arrow. The arrow hits the orc.
You kill the orc!
You shoot an arrow. The arrow hits the orc.
The orc is heavily wounded.
The orc hits you but does no damage. The orc hits you with a +0 mace.
You shoot an arrow. The arrow hits the orc.
You kill the orc!
You shoot an arrow. The arrow barely misses the orc priest.
The orc priest hits you but does no damage.
You shoot an arrow. The arrow hits the orc priest.
The orc priest is moderately wounded.
The orc priest hits you with a +0 hand axe.
You shoot an arrow. The arrow hits the orc priest.
The orc priest is moderately wounded.
The orc priest mumbles some strange prayers to Beogh against you.
Beogh smites you!
You die...

#.# .. #.## #........
####..## #........
......######........
..}................
....##............
#####..##.............
#...#o##..............
#.#...#@#......>........
#............#....######
#......#######....# #
#......# #....# ###
#......#######....####..
#...................##..
#......########.###.##..
#......# #.# #.##..
#......########.###.##..


You could see an orc priest.

Vanquished Creatures
  3 adders
  4 dart slugs (D:1)
  A worm (D:2)
  4 orcs (D:3)
  2 ball pythons
  2 bats (D:1)
  4 endoplasms
  4 giant cockroaches
  4 goblins
  5 hobgoblins
  10 kobolds
  5 frilled lizards
  5 rats
53 creatures vanquished.

Notes
Turn   | Place    | Note
-------+----------+-------------------------------------------
     0 | D:1      | qw the Gargoyle Hunter began the quest for the Orb.
     0 | D:1      | Reached XP level 1. HP: 12/12 MP: 1/1
     0 | D:1      | 0 ||| qw: Version: 0.3-a-76-g4403597
     0 | D:1      | 0 ||| qw: Game counter: 312
     0 | D:1      | 0 ||| qw: Melee chars always use a shield: true
     0 | D:1      | 0 ||| qw: God list: Okawaru
     0 | D:1      | 0 ||| qw: Allow faded altars: false
     0 | D:1      | 0 ||| qw: Do Orc after clearing Dungeon:15 true
     0 | D:1      | 0 ||| qw: Do second Lair branch before Depths: true
     0 | D:1      | 0 ||| qw: Lair rune preference: random
     0 | D:1      | 0 ||| qw: Goals: Normal
     0 | D:1      | 0 ||| PLANNING D:1-11
    95 | D:1      | Reached XP level 2. HP: 17/17 MP: 2/2
   466 | D:1      | Reached XP level 3. HP: 20/21 MP: 3/3
   484 | D:1      | Reached skill level 5 in Ranged Weapons
   660 | D:1      | Found a faded altar of an unknown god.
   776 | D:1      | 776 ||| UPGRADING to +0 ring mail.
   786 | D:1      | 786 ||| DROPPING +0 leather armour.
   787 | D:1      | 787 ||| READING scroll labelled RAPUF ETYP.
   788 | D:1      | 788 ||| READING scroll labelled HOVUSIOPRO.
   789 | D:1      | 789 ||| READING 2 scrolls labelled BOJUANATZI.
   794 | D:1      | 794 ||| DRINKING 2 fuming puce potions.
   795 | D:1      | 795 ||| DROPPING scroll of butterflies.
   796 | D:1      | 796 ||| DROPPING potion of brilliance.
   806 | D:2      | Reached skill level 1 in Armour
   806 | D:2      | 806 ||| STAIRDANCE
   959 | D:2      | Reached skill level 3 in Fighting
   959 | D:2      | Reached XP level 4. HP: 28/28 MP: 4/4
   992 | D:2      | Found a runed translucent door.
   993 | D:2      | Noticed Crazy Yiuf
  1751 | D:2      | 1751 ||| UPGRADING to +2 ring mail of cold resistance.
  1761 | D:2      | 1761 ||| DROPPING +0 ring mail.
  1762 | D:2      | 1762 ||| READING scroll labelled ZODIUXZ WILUE.
  1763 | D:2      | 1763 ||| READING scroll labelled DERAUDEBYWK.
  1764 | D:2      | 1764 ||| DRINKING 2 glowing emerald potions.
  1764 | D:2      | Gained mutation: Your muscles are strong. (Str +4, Int/Dex
                  | -1) [potion of mutation]
  1764 | D:2      | Gained mutation: Your spells are a little harder to cast,
                  | but a little more powerful. [potion of mutation]
  1764 | D:2      | Gained mutation: You expend magic power (3 MP) to
                  | strengthen your wands. [potion of mutation]
  2155 | D:3      | 2155 ||| Stepping ~*~*~tactically~*~*~ (retreating).
  2170 | D:3      | Killed from afar by an orc priest

Levels and vault maps discovered:
D:1:      lemuel_arrival_hallway, layout_loops_ring,
          hellmonk_ecumenical_altar_defaced_shrine
D:2:      layout_basic, minmay_crystal_water, uniq_crazy_yiuf_cottage
D:3:      layout_basic, lightli_temple_of_fire, grunt_ministairs_15

Skill      XL: |  1  2  3 |
---------------+----------+-----
Ranged Weapons | 5 |  5.4
Armour         | 1 |  1.0
Fighting       | 3 |  3.0
Dodging        | |  1.5
Stealth        | |  1.1

Action                     |  1- 3 |  4- 6 || total
---------------------------+-------+-------++-------
   Fire: Shortbow          |   125 |    59 ||   184
    Use: Scroll            |     3 |     2 ||     5
         Potion            |     1 |     1 ||     2
 Armour: Leather armour    |    22 |       ||    22
         Ring mail         |     3 |    21 ||    24
  Dodge: Dodged            |    20 |    15 ||    35

Table legend:
 A = Non-vault XP
 B = Vault XP
 C = Vault XP percentage of total XP
 D = Non-vault monster count
 E = Vault monster count
 F = Vault count percentage of total count
                 A         B        C        D         E       F
            +---------+---------+-------+---------+---------+-------
      Total |     114 |      24 |  17.4 |      43 |      10 |  18.9
            +---------+---------+-------+---------+---------+-------
        D:1 |      47 |      10 |  17.5 |      24 |       5 |  17.2
        D:2 |      32 |       0 |   0.0 |      12 |       0 |   0.0
        D:3 |      35 |      14 |  28.6 |       7 |       5 |  41.7
            +---------+---------+-------+---------+---------+-------
